 Dungeon Crawl Stone Soup version 0.29.1-15-g9cfb28693d (webtiles) character file.

Game seed: 18392753588487888583

5196 javelincjr the Ducker (level 10, -1/73 HPs)
             Began as a Djinni Conjurer on Mar 11, 2023.
             Was a Priest of Lugonu.
             Slain by a yak (13 damage)
             ... on level 8 of the Dungeon on Mar 12, 2023.
             The game lasted 00:46:33 (11971 turns).

javelincjr the Ducker (Djinni Conjurer)            Turns: 11971, Time: 00:46:33

Health: -1/73      AC:  3    Str: 14    XL:     10   Next: 91%
Gold:   463        EV: 14    Int: 19    God:    Lugonu [***...] SH:  0 Dex: 11

rFire   + + .      SeeInvis .   D - +4 rapier (distort)
rCold   . . .      Faith    .   (no shield)
rNeg    . . .      Spirit   .   a - +0 robe
rPois   ∞          Reflect  .   u - +0 helmet
rElec   .          Harm     .   (no cloak)
rCorr   .          Rampage  .   (no gloves)
Will    +....      Clarity  +   (boots unavailable)
Stlth   +++.......              (no amulet)
HPRegen 0.22/turn               g - ring of protection from cold
MPRegen 0.00/turn               I - ring of wizardry

@: about to teleport, flying
A: sickness immunity, fire resistance 2, cold vulnerability 1, float, innate
caster, HP casting, extra vitality 1, clarity, mutation resistance 1, strong 1
a: Renounce Religion, Depart the Abyss, Bend Space, Banish


You were on level 8 of the Dungeon.
You worshipped Lugonu.
Lugonu was most pleased with you.
You visited 2 branches of the dungeon, and saw 9 of its levels.
You visited the Abyss 3 times.
You also visited: Sewer.

You collected 463 gold pieces.

Inventory:

Hand Weapons
 d - a +1 dagger of flaming
 r - a +1 sling of freezing
 C - a +3 dagger of distortion
 D - a +4 rapier of distortion (weapon)
Missiles
 F - a throwing net
Armour
 a - a +0 robe (worn)
 u - a +0 helmet (worn)
Jewellery
 g - a ring of protection from cold (left hand)
 o - a +4 ring of slaying
 y - a ring of protection from cold
 G - a ring of willpower
 I - a ring of wizardry (right hand)
Wands
 m - a wand of flame (45)
 B - a wand of polymorph (14)
Scrolls
 c - 2 scrolls of brand weapon
 e - 7 scrolls of teleportation
 f - a scroll of silence
 h - 2 scrolls of fear {unknown}
 i - a scroll of blinking {unknown}
 q - 2 scrolls of amnesia {unknown}
 w - a scroll of noise {unknown}
 H - a scroll of poison {unknown}
Potions
 b - 2 potions of might {unknown}
 j - a potion of cancellation {unknown}
 k - 3 potions of mutation
 l - 2 potions of flight {unknown}
 n - a potion of magic {unknown}
 p - 2 potions of curing {unknown}
 s - a potion of ambrosia {unknown}
 t - 2 potions of degeneration {unknown}
 v - a potion of haste {unknown}
 x - 2 potions of attraction {unknown}
 z - a potion of resistance {unknown}
 A - a potion of heal wounds {unknown}
 E - a potion of berserk rage {unknown}


   Skills:
 * Level 6.8 Fighting
 + Level 4.5 Armour
 + Level 7.2 Dodging
 + Level 5.9 Stealth
 * Level 7.0 Spellcasting
 + Level 0.0 Invocations
 + Level 4.4 Evocations


You couldn't memorise any spells.
You knew the following spells:

 Your Spells              Type           Power      Damage    Failure   Level
a - Magic Dart            Conj           100%       1d8       1%          1
b - Searing Ray           Conj           66%        2d6       1%          2
c - Dazzling Flash        Conj/Hex       66%        N/A       1%          3
d - Fulminant Prism       Conj/Hex       16%        3d11      2%          4
e - Iskenderun's Mystic   Conj/Tloc      33%        2d8       2%          4
f - Sting                 Tmut/Pois      100%       1d8       1%          1
g - Scorch                Fire           66%        2d8       1%          2
h - Ozocubu's Armour      Ice            33%        N/A       1%          3
i - Hailstorm             Conj/Ice       33%        3d8       2%          4
Your spell library was empty.

Dungeon Overview and Level Annotations

Branches:
Dungeon (8/15)             Temple (1/1) D:4           Sewer (visited)
   Lair: D:8-11

Altars:
Ashenzari
Cheibriados
Elyvilon
Fedhas
Gozag
Hepliaklqana
Makhleb
Nemelex Xobeh
Okawaru
Qazlal
Ru
Trog
Uskayaw
Wu Jian
Xom
Yredelemnul
Zin
The Shining One
Lugonu

Shops:
D:3 (

Portals:
Abyss: D:6

Annotations:
D:4 3 runed translucent doors, Sanktem7's ghost, novice MiFi; SirLogeyBear's ghost, novice HOBe


Innate Abilities, Weirdness & Mutations

You are immune to sickness and miasma.
You are immune to poison.
Your flesh is very heat resistant. (rF++)
You are vulnerable to cold. (rC-)
You float through the air rather than walking.
You learn spells naturally, not from books.
Your magical power is your life essence.
You have superior vitality. (+4 MHP)
You possess an exceptional clarity of mind.
You are somewhat resistant to further mutation.
Your muscles are strong. (Str +4, Int/Dex -1)


Message History

Casting: Fulminant Prism (dangerous; 1% risk of failure)
Confirm with . or Enter, or press ? or * to list all spells.
Aiming: Fulminant Prism (dangerous; 1% risk of failure)
Press: ? - help, Dir - move target You conjure a prism of explosive energy!
A fulminant prism comes into view.
Your fulminant prism crackles loudly.
The yak attacks as you move away! The yak closely misses you.
You hear an explosion!
The blast of energy engulfs the yak!
The yak is heavily wounded.
Casting: Fulminant Prism (dangerous; 1% risk of failure)
Confirm with . or Enter, or press ? or * to list all spells.
You erupt in a blast of force!
The mystic blast hits the yak!
The yak is almost dead.
The yak is knocked back by the mystic blast.
The yak attacks as you move away! The yak gores you.
* * * LOW HITPOINT WARNING * * *
The yak attacks as you move away! The yak barely misses you.
You see here 8 stones.
The yak attacks as you move away! The yak completely misses you.
The yak attacks as you move away! The yak gores you!
* * * LOW HITPOINT WARNING * * *
It was a potion of mutation.
You feel extremely strange.
Your thoughts seem clearer.
You feel stronger.
You feel genetically stable. The yak barely misses you.
Casting: Iskenderun's Mystic Blast (dangerous; 2% risk of failure)
Confirm with . or Enter, or press ? or * to list all spells.
Okay, then.
Okay, then.
Casting: Iskenderun's Mystic Blast (dangerous; 2% risk of failure)
Confirm with . or Enter, or press ? or * to list all spells.
Okay, then.
Okay, then.
Casting: Iskenderun's Mystic Blast (dangerous; 2% risk of failure)
Confirm with . or Enter, or press ? or * to list all spells.
Okay, then.
As you read the scroll of teleportation, it crumbles to dust.
You feel strangely unstable. The yak gores you!
You die...

...###############YY.Y...#######.
. ######.#### #. #.(.YY.# ##.
#Y###### #.. #Y# ##.# #Y# #..#
#Y# ########.## #Y# #.....##.#
#@# #.....##.# #.# #.....#..# #.#
#.....#.## #.######.......#
#.....##.....### ..#####.###..###
...............#
#######..#.#########
#..#.#.......#


You could see 5 yaks.

Vanquished Creatures
  The ghost of leafyfresh the Covert, a novice OpDe (D:7)
  A manticore (D:7)
  Grinder (D:6)
  A yak (D:8)
  2 fire bats (Abyss:1)
  A steam dragon (D:6)
  Menkaure (D:6)
  Duvessa (D:6)
  A water moccasin (D:7)
  An orc warrior (D:8)
  3 sky beasts
  3 black bears
  An ice beast (D:7)
  3 ogres
  4 centaurs
  A phantom (D:7)
  7 kobold brigands
  A necrophage (D:6)
  A bullfrog (D:7)
  5 scorpions
  Dowan (D:6)
  A gnoll bouda (D:7)
  3 jellies
  3 orc priests
  4 hounds
  An iguana (D:4)
  An orc wizard (D:8)
  Natasha (thrice) (D:2)
  11 gnolls
  11 adders
  2 river rats (Sewer)
  A shadow imp (D:7)
  4 white imps
  An ufetubus (D:7)
  4 worms
  4 dart slugs
  27 orcs
  3 bats
  2 endoplasms (D:1)
  5 giant cockroaches
  6 goblins
  4 hobgoblins
  A jackal (Sewer)
  23 kobolds
  7 quokkas
  2 ball pythons
  3 frilled lizards
  6 rats
184 creatures vanquished.

Vanquished Creatures (others)
  An unseen horror (D:7)
  41 fulminant prisms
  92 plants
  6 withered plants (D:4)
140 creatures vanquished.

Grand Total: 324 creatures vanquished

Notes
Turn   | Place    | Note
-------+----------+-------------------------------------------
     0 | D:1      | javelincjr the Djinni Conjurer began the quest for the Orb.
     0 | D:1      | javelincjr set off with the following spells memorised:
                  | Magic Dart, Searing Ray, Dazzling Flash, Fulminant Prism,
                  | Iskenderun's Mystic Blast.
     0 | D:1      | Reached XP level 1. HP: 15/15 MP: 0/0
   182 | D:1      | Found a faded altar of an unknown god.
   199 | D:1      | Prayed at the altar of an unknown god.
   199 | D:1      | Became a worshipper of Lugonu the Unformed
   199 | D:1      | Reached * piety under Lugonu
   199 | D:1      | Reached ** piety under Lugonu
   334 | D:1      | Reached XP level 2. HP: 19/21 MP: 0/0
   463 | D:1      | You are sucked into a shaft and drop 1 floor!
  1072 | D:2      | Reached XP level 3. HP: 23/25 MP: 0/0
  1072 | D:2      | Learned a level 1 spell: Sting
  1395 | D:2      | Reached XP level 4. HP: 15/31 MP: 0/0
  1901 | D:2      | Noticed Natasha
  1905 | D:2      | Killed Natasha
  2015 | D:2      | Noticed Natasha
  2019 | D:2      | Killed Natasha
  2020 | D:2      | Reached XP level 5. HP: 31/35 MP: 0/0
  2020 | D:2      | Learned a level 2 spell: Scorch
  2152 | D:2      | Noticed Natasha
  2158 | D:2      | Killed Natasha
  2475 | D:3      | Found a blossoming altar of Fedhas.
  2525 | D:3      | Found Kuapsof's Weapon Shoppe.
  2724 | D:3      | Reached *** piety under Lugonu
  2764 | D:3      | Found a faded altar of an unknown god.
  2790 | D:3      | Found a faded altar of an unknown god.
  2790 | D:3      | Found a hazy altar of Hepliaklqana.
  2944 | D:3      | Reached XP level 6. HP: 9/40 MP: 0/0
  3328 | D:3      | Found a glowing silver altar of Zin.
  3577 | D:4      | Found a staircase to the Ecumenical Temple.
  3591 | Temple   | Entered the Ecumenical Temple
  3848 | D:4      | Reached XP level 7. HP: 21/45 MP: 0/0
  3848 | D:4      | Learned a level 3 spell: Ozocubu's Armour
  3849 | D:4      | Found a runed translucent gate.
  3849 | D:4      | Found a runed translucent gate.
  3849 | D:4      | Found a runed translucent gate.
  4070 | D:4      | Noticed Sanktem7's ghost (novice MiFi)
  4070 | D:4      | Noticed SirLogeyBear's ghost (novice HOBe)
  4159 | D:4      | Reached skill level 5 in Dodging
  4920 | D:5      | Entered Level 5 of the Dungeon
  5210 | D:5      | Reached skill level 1 in Fighting
  5293 | D:5      | Reached skill level 1 in Armour
  5376 | D:5      | Reached XP level 8. HP: 46/52 MP: 0/0
  5383 | D:5      | Found a glowing drain.
  5392 | Sewer    | Entered a sewer
  5458 | Sewer    | Reached skill level 1 in Evocations
  5681 | Sewer    | Reached skill level 5 in Spellcasting
  6154 | D:5      | Found a hide-covered altar of Uskayaw.
  6847 | D:5      | Reached **** piety under Lugonu
  7041 | D:6      | Reached XP level 9. HP: 32/62 MP: 0/0
  7041 | D:6      | Learned a level 4 spell: Hailstorm
  7410 | D:6      | Noticed Menkaure
  7773 | D:6      | Found a large runed translucent door.
  7773 | D:6      | Found a large runed translucent door.
  7778 | D:6      | Found a corrupted altar of Lugonu.
  8097 | D:6      | Killed Menkaure
  8098 | D:6      | Reached skill level 5 in Stealth
  8165 | D:6      | Noticed Duvessa
  8165 | D:6      | Noticed Dowan
  8173 | D:6      | Killed Duvessa
  8173 | D:6      | Killed Dowan
  8178 | D:6      | Noticed Grinder
  8188 | D:6      | Killed Grinder
  8487 | D:6      | Found a glowing golden altar of the Shining One.
  8503 | D:6      | Found a one-way gate to the infinite horrors of the Abyss.
  8568 | D:7      | Reached skill level 5 in Fighting
  8710 | D:6      | Voluntarily entered the Abyss.
  8745 | Abyss:1  | Reached XP level 10. HP: 35/70 MP: 0/0
  8746 | D:6      | Escaped the Abyss
  8971 | D:6      | Voluntarily entered the Abyss.
  8971 | Abyss:1  | Found a corrupted altar of Lugonu.
  8997 | D:6      | Escaped the Abyss
  9166 | D:6      | Voluntarily entered the Abyss.
  9166 | Abyss:1  | Found a corrupted altar of Lugonu.
  9262 | Abyss:1  | Noticed an orange demon
  9274 | D:6      | Escaped the Abyss
  9569 | D:7      | Noticed leafyfresh's ghost (novice OpDe)
  9569 | D:7      | Noticed a manticore
  9964 | D:7      | Found a snail-covered altar of Cheibriados.
 10180 | D:7      | Found a runed translucent gate.
 10180 | D:7      | Found a runed translucent gate.
 10180 | D:7      | Found a runed translucent gate.
 10274 | D:7      | Found an ornate altar of the Wu Jian Council.
 10463 | D:7      | Killed an unseen horror
 10465 | D:7      | Killed a manticore
 10469 | D:7      | Killed leafyfresh's ghost
 11970 | D:8      | Gained mutation: You possess an exceptional clarity of
                  | mind. [potion of mutation]
 11970 | D:8      | Gained mutation: Your muscles are strong. (Str +4, Int/Dex
                  | -1) [potion of mutation]
 11970 | D:8      | Gained mutation: You are somewhat resistant to further
                  | mutation. [potion of mutation]
 11971 | D:8      | Slain by a yak

Illustrated notes

Levels and vault maps discovered:
D:1:      sevenhm_arrival_forest_fort_small_4, layout_loops_ring,
          basic_ecumenical_altar
D:2:      wad_woods_tower, layout_rooms, uniq_natasha
D:3:      layout_loops_ring, general_overflow_altar, zin_treasury,
          nicolae_hepliaklqana_ecumenical_no_more, serial_shops, shop,
          kennysheep_boxes
D:4:      layout_rooms, minmay_temple_entry_mist, gammafunk_ghost_cemetery,
          reono_crystal_passage
D:5:      layout_gridville, mainiacjoe_overflow_small_starburst,
          gup_sewer_entry_bubbles
D:6:      due_chaos_kobolds, layout_rooms, tso_oasis_becter,
          nicolae_ossuary_entry_monument, uniq_grinder, uniq_duvessa,
          uniq_menkaure
D:7:      layout_rooms, kennysheep_slug_shrine,
          mainiacjoe_overflow_catwalk_spiral, gammafunk_ghost_split
D:8:      layout_basic, minmay_misc_feat_diagonals
Temple:   dshaligram_water_room_temple

Skill      XL: |  1  2  3  4  5  6  7  8  9 10 |
---------------+-------------------------------+-----
Stealth        | 2 3 4 5 |  5.9
Dodging        | 3 4 5 6 7 |  7.2
Spellcasting   | 4 5 6 7 |  7.0
Fighting       | 1 3 5 6 |  6.8
Armour         | 1 2 3 4 |  4.5
Evocations     | 2 3 4 |  4.4

Action                   |  1- 3 |  4- 6 |  7- 9 | 10-12 || total
-------------------------+-------+-------+-------+-------++-------
Melee: Unarmed           |     5 |     6 |       |       ||    11
       Punch             |     1 |       |       |       ||     1
       Rapier            |       |       |       |     1 ||     1
 Fire: Sling             |       |    49 |    43 |       ||    92
 Cast: Magic Dart        |    36 |    47 |    11 |    20 ||   114
       Searing Ray       |     4 |    11 |    27 |     3 ||    45
       Scorch            |       |     1 |    13 |    28 ||    42
       Iskenderun's Myst |       |     2 |    34 |    27 ||    63
       Fulminant Prism   |       |       |    15 |    27 ||    42
       Hailstorm         |       |       |    11 |     3 ||    14
       Sting             |       |       |       |     1 ||     1
Invok: Depart the Abyss  |       |       |       |     3 ||     3
  Use: Scroll            |       |     3 |       |     2 ||     5
       Potion            |       |       |       |     1 ||     1
Armor: Robe              |     2 |     5 |     5 |     2 ||    14
Dodge: Dodged            |    11 |    22 |    33 |    29 ||    95
